 Dungeon Crawl Stone Soup version 0.31-a0-210-gccc998df9b (webtiles) character file.

Game seed: 603151041151373004

298 Thug187 the Poker (level 6, -1/48 HPs)
             Began as a Merfolk Gladiator on June 30, 2023.
             Was an Initiate of Qazlal.
             Slain by an ice beast (4 damage)
             ... on level 5 of the Dungeon.
             The game lasted 00:41:23 (5051 turns).

Thug187 the Poker (Merfolk Gladiator)               Turns: 5051, Time: 00:41:24

Health: -1/48      AC:  7    Str: 16    XL:     6   Next: 36%
Magic:  15/15      EV: 12    Int:  8    God:    Qazlal [......]
Gold:   122        SH:  0    Dex: 15    Spells: 5/5 levels left

rFire   . . .        a - +0 trident
rCold   . . .        (no shield)
rNeg    . . .        f - +0 ring mail
rPois   .            c - +0 helmet
rElec   .            o - scarf {shadows}
rCorr   .            s - +0 pair of gloves
SInv    .            (no boots)
Will    .....        (no amulet)
Stlth   +            p - ring of magical power
HPRegen 0.28/turn    (no ring)
MPRegen 0.14/turn

%: no passive effects
@: no status effects
A: (nimble swimmer 2), mertail
a: Renounce Religion


You were on level 5 of the Dungeon.
You worshipped Qazlal.
Qazlal was noncommittal.
You visited 1 branch of the dungeon, and saw 5 of its levels.

You collected 150 gold pieces.
You spent 28 gold pieces at shops.

Inventory:

Hand Weapons
 a - a +0 trident (weapon)
Missiles
 d - 4 throwing nets
 e - a javelin
 i - 4 curare-tipped darts (quivered)
Armour
 c - a +0 helmet (worn)
 f - a +0 ring mail (worn)
 o - a scarf of shadows (worn)
 s - a +0 pair of gloves (worn)
 v - a +0 pair of gloves
Jewellery
 p - a ring of magical power (left hand)
 w - the ring "Xigur" {rC++ AC+4 Str-4}
   (You found it on level 5 of the Dungeon)

   [ring of protection]

   AC:        It affects your AC (+4).
   Str:       It affects your strength (-4).
   rC:        It greatly protects you from cold.
Wands
 t - a wand of roots (6)
 x - a wand of flame (6)
Scrolls
 b - a scroll of revelation {unknown}
 k - a scroll of enchant weapon {unknown}
 l - 3 scrolls of teleportation
 m - a scroll of immolation {unknown}
 q - a scroll of butterflies {unknown}
 u - a scroll of torment {unknown}
Potions
 g - 3 potions of haste
 h - a potion of attraction
 j - a potion of brilliance
 n - a potion of lignification
 r - a potion of resistance {unknown}


   Skills:
 + Level 3.7 Fighting
 + Level 6.7 Polearms
 + Level 2.0 Throwing
 + Level 2.0 Armour
 + Level 4.6 Dodging
 + Level 0.5 Stealth


You had 5 spell levels left.
You didn't know any spells.
Your spell library contained the following spells:

 Spells                   Type           Power      Damage    Failure   Level
 Blink                    Tloc           0%         N/A       77%         2
 Lesser Beckoning         Tloc           0%         N/A       77%         2
 Gell's Gravitas          Tloc           0%         N/A       94%         3
 Teleport Other           Tloc           0%         N/A       94%         3
 Manifold Assault         Tloc           0%         N/A       100%        4
 Storm Form               Tmut/Air       0%         N/A       100%        7


Dungeon Overview and Level Annotations

Branches:
Dungeon (5/15)
 Temple: D:4-7

Altars:
Makhleb
Nemelex Xobeh
Qazlal
Vehumet
The Shining One

Shops:
D:1 ?   D:5 :*

Annotations:
D:4 1 runed translucent door, Crazy Yiuf, Eustachio


Innate Abilities, Weirdness & Mutations

((You are very nimble when in or above water. (Stealth+, EV+, Speed+++)))
Your lower body shifts to a powerful aquatic tail in water.


Message History

The ice beast is heavily wounded.
The ice beast hits you. The ice beast freezes you!
You hit the ice beast.
The ice beast is severely wounded.
The ice beast hits you. The ice beast freezes you!
You hit the ice beast.
The ice beast is severely wounded.
The ice beast closely misses you.
You hit the ice beast.
The ice beast is almost dead.
The ice beast closely misses you.
You hit the ice beast but do no damage.
The ice beast is severely wounded.
The ice beast misses you.
You completely miss the ice beast.
The ice beast is severely wounded.
The ice beast barely misses you.
You hit the ice beast but do no damage.
The ice beast is severely wounded.
The ice beast barely misses you.
You hit the ice beast.
The ice beast is severely wounded.
The ice beast hits you. The ice beast freezes you!
* * * LOW HITPOINT WARNING * * *
You hit the ice beast but do no damage.
The ice beast is severely wounded.
The ice beast barely misses you.
You hit the ice beast.
The ice beast is almost dead.
The ice beast hits you.
* * * LOW HITPOINT WARNING * * *
The ice beast freezes you.
* * * LOW HITPOINT WARNING * * *
You completely miss the ice beast.
The ice beast is almost dead.
The ice beast barely misses you.
You closely miss the ice beast. You punch the ice beast.
The ice beast is almost dead.
The ice beast hits you.
You die...

################
#......(.@Y.....
#.##############
#.# #.# #####'##
####......#
..........+
####......# #
#......#


You could see an ice beast.

Vanquished Creatures
  A scorpion (D:5)
  A hound (D:4)
  An iguana (D:4)
  2 orc wizards (D:5)
  3 adders
  6 dart slugs
  9 orcs
  10 endoplasms
  6 hobgoblins
  10 jackals (D:1)
  7 kobolds
  3 quokkas
  7 ball pythons
  4 bats
  A frilled lizard (D:2)
  8 goblins
  5 rats
84 creatures vanquished.

Notes
Turn   | Place    | Note
-------+----------+-------------------------------------------
     0 | D:1      | Thug187 the Merfolk Gladiator began the quest for the Orb.
     0 | D:1      | Reached XP level 1. HP: 16/16 MP: 1/1
    99 | D:1      | Found Xamif's Magic Scroll Shop.
   227 | D:1      | Reached XP level 2. HP: 18/22 MP: 2/2
   824 | D:1      | Reached XP level 3. HP: 28/28 MP: 3/3
   831 | D:1      | Reached skill level 5 in Polearms
  1290 | D:1      | Bought a scroll of identify for 28 gold pieces
  1350 | D:2      | Reached XP level 4. HP: 34/34 MP: 4/4
  2100 | D:3      | You fall into a shaft and drop 2 floors!
  2100 | D:5      | Entered Level 5 of the Dungeon
  2119 | D:5      | Found Gyhadeklu's General Store.
  2161 | D:4      | Reached skill level 1 in Armour
  2404 | D:3      | Reached XP level 5. HP: 32/40 MP: 5/5
  2934 | D:3      | Reached skill level 6 in Polearms
  3488 | D:4      | Noticed Eustachio
  3767 | D:4      | Found a stormy altar of Qazlal.
  3770 | D:4      | Found a glowing golden altar of the Shining One.
  3771 | D:4      | Found a sparkling altar of Nemelex Xobeh.
  3771 | D:4      | Found a burning altar of Makhleb.
  3789 | D:4      | Became a worshipper of Qazlal Stormbringer
  4076 | D:4      | Found a runed translucent door.
  4077 | D:4      | Noticed Crazy Yiuf
  4258 | D:4      | HP: 1/41 [iron imp[Eustachio] (3)]
  4522 | D:5      | Reached XP level 6. HP: 15/47 MP: 6/6
  4943 | D:5      | Found Pakhlia's Book Shoppe.
  4967 | D:5      | Identified the ring "Xigur" {rC++ AC+4 Str-4}
  4993 | D:5      | Found a radiant altar of Vehumet.
  5035 | D:5      | Noticed an ice beast
  5051 | D:5      | Slain by an ice beast

Illustrated notes

Levels and vault maps discovered:
D:1:      dpeg_arrival_boxorama, layout_loops_corners, serial_shops, shop,
          st_stairs_8
D:2:      layout_rooms
D:3:      layout_basic, dk_noncrumbling_4, chequers_serial_rivers_large_b
D:4:      layout_basic, chequers_temple_overflow_statue_of_worship,
          general_overflow_altar, kennysheep_dice, uniq_eustachio,
          uniq_crazy_yiuf_cottage
D:5:      layout_basic, mainiacjoe_overflow_brackets, vehumet_altar_wand_db,
          minmay_temple_entry_statues_pillars, serial_shops, shop, shop,
          nicolae_goblin_pals

Skill      XL: |  1  2  3  4  5  6 |
---------------+-------------------+-----
Polearms       | 5 6 |  6.7
Armour         | 1 2 |  2.0
Fighting       | 3 |  3.7
Throwing       | |  2.0
Dodging        | |  4.6
Stealth        | |  0.5

Action                     |  1- 3 |  4- 6 || total
---------------------------+-------+-------++-------
  Melee: Trident           |   104 |   247 ||   351
         Punch             |     1 |     3 ||     4
    Use: Scroll            |     4 |     4 ||     8
         Potion            |       |     2 ||     2
 Armour: Ring mail         |    41 |   108 ||   149
  Dodge: Dodged            |    79 |   173 ||   252

Table legend: (Time is in decaauts)
 A = Elapsed time spent in this place.
 B = Non-inter-level travel time spent in this place.
 C = Inter-level travel time spent in this place.
 D = Time resting spent in this place.
 E = Time spent auto-exploring this place.
 F = Levels seen in this place.
 G = Mean time per level.
                   A        B        C        D        E       F      G
               +--------+--------+--------+--------+--------+-----+--------+
         Total |   5015 |   5015 |      0 |      0 |      0 |   5 | 1003.0 |
       Dungeon |   5015 |   5015 |      0 |      0 |      0 |   5 | 1003.0 |
               +--------+--------+--------+--------+--------+-----+--------+

Top non-repeatable levels by time:
     D:3: 1429 daAuts
     D:1: 1173 daAuts
     D:4: 1153 daAuts
     D:2: 668 daAuts
     D:5: 591 daAuts
